 Dungeon Crawl Stone Soup version 0.27-a0-679-g77a6b55cf3 (webtiles) character file.

Game seed: 12094529177131926482

2 rednaxela the Caller (level 1, 0/14 HPs)
             Began as a Palentonga Summoner on Mar 18, 2021.
             Slain by a kobold (4 damage)
             ... on level 1 of the Dungeon.
             The game lasted 00:01:41 (364 turns).

rednaxela the Caller (Palentonga Summoner)           Turns: 364, Time: 00:01:41

Health: 0/14       AC:  4    Str: 11    XL:     1   Next: 33%
Magic:  2/3        EV:  9    Int: 15    God:
Gold:   11         SH:  0    Dex: 10    Spells: 3/4 levels left

rFire    . . .     SeeInvis +   (no weapon)
rCold    . . .     Faith    .   (no shield)
rNeg     . . .     Spirit   .   a - +0 robe
rPois    .         Reflect  .   (no helmet)
rElec    .         Harm     .   (no cloak)
rCorr    .         Rampage  .   (no gloves)
Will     .....                  (no barding)
Stlth    +.........             (no amulet)
HPRegen  0.04/turn              (no ring)
MPRegen  0.08/turn              (no ring)

@: no status effects
A: large, rugged brown scales 3, see invisible, deformed body, roll 1, armoured
tail
a: Rolling Charge


You were on level 1 of the Dungeon.
You visited 1 branch of the dungeon, and saw 1 of its levels.

You collected 11 gold pieces.

Inventory:

Armour
 a - a +0 robe (worn)
Potions
 b - a potion of haste {unknown}


   Skills:
 - Level 1.5 Dodging
 - Level 1.2 Stealth
 + Level 0.8 Unarmed Combat
 - Level 2.0 Spellcasting
 - Level 3.2 Summonings


You had 3 spell levels left.
You knew the following spells:

 Your Spells              Type           Power      Damage    Failure   Level
a - Summon Small Mammal   Summ           44%        N/A       6%          1

Your spell library contained the following spells:

 Spells                   Type           Power      Damage    Failure   Level
 Call Imp                 Summ           11%        N/A       9%          2
 Call Canine Familiar     Summ           11%        N/A       17%         3
 Summon Guardian Golem    Hex/Summ       6%         N/A       34%         3
 Summon Ice Beast         Ice/Summ       6%         N/A       75%         4
 Summon Lightning Spire   Summ/Air       6%         N/A       75%         4


Dungeon Overview and Level Annotations

Branches:
Dungeon (1/15)

Altars:


Innate Abilities, Weirdness & Mutations

You are completely covered in rugged brown scales. (AC +3, +7% HP)
You have supernaturally acute eyesight. (SInv)
Armour fits poorly on your strangely shaped body.
You can roll at nearby foes to attack.
You have a long armoured tail.


Message History

Anything else - Cancel.
Gang up on whom?
Press: ? - help, Dir - move target, f - ball python
Aim: a ball python (ally target) Attack!
The ball python closely misses your quokka.
The ball python barely misses your quokka.
Your quokka bites the ball python.
The ball python dies!
You swap places.
You see here 5 stones.
You start resting.
Magic restored.
Your quokka disappears in a puff of smoke!
HP restored.
You start waiting.
Done waiting.
b - a fuming golden potion You now have 11 gold pieces.
Found a stone staircase leading down.
There is a stone staircase leading down here.
Found a whip.
You open the door.
A kobold comes into view.
The kobold shouts!
A kobold comes into view. It is wielding a +0 club.
The kobold throws a stone.
The stone closely misses you.
Found a yellow potion.
A bat comes into view.
The bat completely misses you.
Found a gold piece.
You closely miss the bat. The bat hits you but does no damage.
The kobold barely misses you.
You barely miss the kobold. The bat barely misses you. The kobold hits you.
You hit the bat but do no damage. The bat hits you.
The kobold hits you but does no damage.
You hit the kobold but do no damage.
Your tail-slap misses the kobold.
The bat hits you but does no damage. The kobold hits you but does no damage.
You closely miss the bat. The bat hits you but does no damage.
The kobold closely misses you.
You hit the bat but do no damage. The bat hits you but does no damage.
The kobold hits you.
* * * LOW HITPOINT WARNING * * *
You are too injured to fight recklessly!
You are too injured to fight recklessly!
You barely miss the kobold. The bat hits you but does no damage.
The kobold hits you but does no damage.
You hit the kobold but do no damage. The bat closely misses you.
The kobold hits you.
* * * LOW HITPOINT WARNING * * *
You closely miss the kobold. The bat hits you but does no damage.
The kobold hits you but does no damage.
The kobold throws a stone.
The stone hits you but does no damage. The bat barely misses you.
The bat barely misses you.
You are too injured to fight recklessly!
You are too injured to fight recklessly!
You hit the bat.
The bat is moderately wounded.
The bat hits you but does no damage. The bat closely misses you.
The bat hits you.
* * * LOW HITPOINT WARNING * * *
You closely miss the bat.
You tail-slap the bat, but do no damage.
The bat is moderately wounded.
The bat hits you.
* * * LOW HITPOINT WARNING * * *
The bat hits you but does no damage.
You barely miss the bat.
The bat is moderately wounded.
The bat barely misses you.
You miss the bat.
The bat is moderately wounded.
The bat barely misses you.
You hit the bat but do no damage.
The bat is moderately wounded.
The bat closely misses you. The bat hits you but does no damage.
You closely miss the bat.
The bat is moderately wounded.
The bat hits you.
* * * LOW HITPOINT WARNING * * *
You barely miss the bat.
The bat is moderately wounded.
The bat barely misses you.
You barely miss the bat.
The bat is moderately wounded.
The bat hits you but does no damage. x2
You hit the bat. You tail-slap the bat.
You kill the bat!
You barely miss the kobold. The kobold barely misses you.
You hit the kobold but do no damage. The kobold hits you.
* * * LOW HITPOINT WARNING * * *
You hit the kobold.
The kobold is severely wounded.
The kobold hits you but does no damage.
Casting: Summon Small Mammal (safe; 6% risk of failure)
Confirm with . or Enter, or press ? or * to list all spells.
The kobold hits you.
You die...

### ..# #!#
.######.# K..$....#
######).###########
!........KK@.b.....
#####....##########
#.........#..
#####....####.#.#
#.......#####.#.#
#.......'.....#.#
###
#.......#######.#
#.##
.............##.#
#...
############.##.#
###.#.


You could see 2 kobolds and a friendly bat (summoned).

Vanquished Creatures
  A bat (D:1)
1 creature vanquished.

Vanquished Creatures (collateral kills)
  A ball python (D:1)
  A kobold (D:1)
2 creatures vanquished.

Grand Total: 3 creatures vanquished

Notes
Turn   | Place    | Note
-------+----------+-------------------------------------------
     0 | D:1      | rednaxela the Palentonga Summoner began the quest for the
                  | Orb.
     0 | D:1      | Reached XP level 1. HP: 14/14 MP: 3/3
   364 | D:1      | Slain by a kobold

Illustrated notes

Levels and vault maps discovered:
D:1:      roderic_chinese_lattice_arrival, layout_basic, serial_shops,
          shop_statue

Action                   || total
-------------------------++-------
Melee: Unarmed           ||    25
       Tailslap          ||     2
 Cast: Summon Small Mamm ||     2
Armor: Robe              ||    23
Dodge: Dodged            ||    18

Table legend: (Time is in decaauts)
 A = Elapsed time spent in this place.
 B = Non-inter-level travel time spent in this place.
 C = Inter-level travel time spent in this place.
 D = Time resting spent in this place.
 E = Time spent auto-exploring this place.
 F = Levels seen in this place.
 G = Mean time per level.
                   A        B        C        D        E       F      G
               +--------+--------+--------+--------+--------+-----+--------+
         Total |    363 |    363 |      0 |    249 |     56 |   1 |  363.0 |
       Dungeon |    363 |    363 |      0 |    249 |     56 |   1 |  363.0 |
               +--------+--------+--------+--------+--------+-----+--------+

Top non-repeatable levels by time:
     D:1: 363 daAuts
